 Dungeon Crawl Stone Soup version 0.32-a0-876-gcfddb08e57 (webtiles) character file.

Game seed: 14964931380481753872

6029 Fractals the Blocker (level 10, 0/88 HPs)
             Began as a Mountain Dwarf Berserker on Apr 1, 2024.
             Was a Priest of Trog.
             Slain by Maurice
             ... wielding a +1 scimitar of flaming
              (5 damage)
             ... on level 8 of the Dungeon.
             The game lasted 00:19:15 (9494 turns).

Fractals the Blocker (Mountain Dwarf Berserker)     Turns: 9494, Time: 00:19:16

Health: 0/88       AC: 14    Str: 21    XL:     10   Next: 56%
Magic:  8/10       EV:  8    Int:  7    God:    Trog [***...]
Gold:   0          SH: 12    Dex: 13    Spells: 9/9 levels left

rFire   . . .        u - +2 hand axe (freeze)
rCold   . . .        p - +0 kite shield
rNeg    + . .        k - +0 chain mail
rPois   .            E - +0 helmet
rElec   .            (no cloak)
rCorr   .            (no gloves)
SInv    .            (no boots)
Will    +....        (no amulet) Stlth
                     q - +4 ring of protection
HPRegen 0.34/turn    r - ring of positive energy
MPRegen 0.12/turn

%: no passive effects
@: no status effects
A: runic magic, artefact enchanting
a: Renounce Religion, Berserk, Trog's Hand


You were on level 8 of the Dungeon.
You worshipped Trog.
Trog was most pleased with you.
You visited 1 branch of the dungeon, and saw 9 of its levels.

You collected 90 gold pieces.
You spent 90 gold pieces at shops.

Inventory:

Hand Weapons
 j - a +1 mace of draining
 o - a +0 war axe
 u - a +2 hand axe of freezing (weapon)
 x - a +1 flail of protection
Missiles
 F - a throwing net (quivered)
Armour
 k - a +0 chain mail (worn)
 p - a +0 kite shield (worn)
 E - a +0 helmet (worn)
Jewellery
 q - a +4 ring of protection (left hand)
 r - a ring of positive energy (right hand)
Wands
 g - a wand of digging (7)
 C - a wand of flame (2)
 I - a wand of mindburst (9)
 K - a wand of roots (13)
Scrolls
 a - a scroll of enchant weapon {unknown}
 e - 2 scrolls of fog
 f - a scroll of identify
 h - 3 scrolls of teleportation
 l - a scroll of immolation {unknown}
 v - a scroll of torment {unknown}
 w - 2 scrolls of poison
 y - a scroll of revelation {unknown}
 B - a scroll of enchant armour {unknown}
 G - 3 scrolls of fear {unknown}
 L - a scroll of brand weapon {unknown}
Potions
 b - 4 potions of enlightenment
 c - a potion of attraction {unknown}
 d - 4 potions of curing
 i - a potion of invisibility {unknown}
 m - 2 potions of haste {unknown}
 n - a potion of magic {unknown}
 z - a potion of heal wounds {unknown}
 A - a potion of mutation {unknown}
 H - a potion of berserk rage {unknown}


   Skills:
 - Level 8.0 Fighting
 - Level 5.0 Axes
 - Level 4.0 Armour
 - Level 6.0 Dodging
 + Level 12.7 Shields
 + Level 0.0 Evocations


You had 9 spell levels left.
You didn't know any spells.
Your spell library was empty.

Dungeon Overview and Level Annotations

Branches:
Dungeon (9/15)             Temple (0/1) D:6
   Lair: D:8-11         Orc: D:9-12

Altars:
Ashenzari
Elyvilon
Hepliaklqana
Makhleb
Ru
Trog
Uskayaw
Zin

Shops:
D:6 =

Annotations:
D:8 Maurice


Innate Abilities, Weirdness & Mutations

Your spellcasting is much less encumbered by armour.
You can use scrolls of enchantment on lesser artefacts.


Message History

Something mutters, "Now where did you hide it?"
Something burns you. Something bites you but does no damage.
You closely miss something. You block something's attack.
Something bites you but does no damage.
You miss something.
You hear a zap.
You suddenly lose the ability to move!
Something hits you!
Something grunts, "Curses!"
Something burns you. Something bites you but does no damage.
You can move again.
You completely miss something. Something hits you!
* * * LOW HITPOINT WARNING * * *
Something mutters, "Now where did you hide it?"
Something burns you.
* * * LOW HITPOINT WARNING * * *
Something bites you but does no damage.
You closely miss something. Something hits you.
* * * LOW HITPOINT WARNING * * *
Something groans, "What are you, a monk?"
Something burns you.
* * * LOW HITPOINT WARNING * * *
Something bites you but does no damage.
You miss something. Something hits you but does no damage. Something bites you.
* * * LOW HITPOINT WARNING * * *
You feel your power leaking away. Something drains your magic.
You barely miss something. You block something's attack.
Something bites you but does no damage.
Unknown command.
You closely miss something. You block something's attack.
Something bites you but does no damage.
Unknown command.
You closely miss something. Something hits you.
* * * LOW HITPOINT WARNING * * *
Something mutters, "Now where did you hide it?"
Something burns you.
* * * LOW HITPOINT WARNING * * *
Something bites you.
You die...

....#..........##..##..#
....+..........##).##.>#
#######'####...##[)#...#
.######..###...##..'...#
.........#...[.....#...#
.........#.........#...#
.######.###....##..##..#
#######[######'##{.#####
....#..<........@......#
....'..................#
.####.######...######..#
.###########...#########
.......................#
.......................#
.................##....#
.................##....#
#####.###.###....##....#


There were no monsters in sight!

Vanquished Creatures
  Amaemon (D:8)
  Joseph (D:7)
  Jeremiah (D:8)
  Maggie (D:7)
  An orange demon (D:8)
  A troll (D:7)
  A hornet (D:7)
  9 yaks (D:8)
  Eustachio (D:4)
  A steam dragon (D:6)
  2 water moccasins
  An acid dragon (D:8)
  A sky beast (D:8)
  3 black bears
  2 ice beasts
  2 ogres
  2 centaurs
  A phantom (D:3)
  3 scorpions
  3 killer bees (D:6)
  A bombardier beetle (D:6)
  2 jellies
  3 orc priests
  5 hounds
  A sleepcap (D:6)
  Terence (D:2)
  4 iguanas
  7 orc wizards
  A human skeleton (D:5)
  A hound skeleton (D:5)
  Robin (D:2)
  7 adders
  A white imp (D:5)
  2 ufetubi (D:6)
  A dart slug (D:1)
  2 ribbon worms (D:2)
  19 orcs
  11 ball pythons
  3 bats
  6 endoplasms
  7 giant cockroaches
  8 hobgoblins
  8 jackals
  9 kobolds
  2 quokkas
  5 frilled lizards
  16 goblins
  A hobgoblin zombie (D:5)
  6 rats
179 creatures vanquished.

Vanquished Creatures (others)
  A bombardier beetle (D:6)
1 creature vanquished.

Grand Total: 180 creatures vanquished

Notes
Turn   | Place    | Note
-------+----------+-------------------------------------------
     0 | D:1      | Fractals the Mountain Dwarf Berserker began the quest for
                  | the Orb.
     0 | D:1      | Reached XP level 1. HP: 19/19 MP: 1/1
    81 | D:1      | HP: 1/28 [giant cockroach (1)]
   172 | D:1      | Reached XP level 2. HP: 26/26 MP: 2/2
   721 | D:1      | Reached XP level 3. HP: 33/33 MP: 3/3
   805 | D:2      | Reached ** piety under Trog
   954 | D:2      | Noticed Terence
   964 | D:2      | Killed Terence
  1181 | D:2      | Noticed Robin
  1189 | D:2      | Reached XP level 4. HP: 41/41 MP: 4/4
  1202 | D:2      | Killed Robin
  2090 | D:3      | Reached skill level 5 in Fighting
  2090 | D:3      | Reached XP level 5. HP: 48/48 MP: 5/5
  2186 | D:3      | Noticed a phantom
  2194 | D:3      | Killed a phantom
  2988 | D:4      | Noticed a black bear
  3015 | D:3      | Killed a black bear
  3016 | D:3      | Reached skill level 1 in Shields
  3016 | D:3      | Reached XP level 6. HP: 57/57 MP: 6/6
  3099 | D:4      | Reached *** piety under Trog
  3319 | D:4      | Reached skill level 2 in Shields
  3433 | D:4      | Found a white marble altar of Elyvilon.
  3532 | D:4      | Found a bloodstained altar of Trog.
  3540 | D:4      | Identified the +2 rapier of Internal Strife {drain, rC+
                  | rCorr SInv Stlth-}
  3570 | D:4      | Noticed Eustachio
  3596 | D:4      | Killed Eustachio
  3597 | D:4      | Reached skill level 3 in Shields
  3597 | D:4      | Reached XP level 7. HP: 64/64 MP: 7/7
  3686 | D:5      | Entered Level 5 of the Dungeon
  3941 | D:4      | Reached skill level 4 in Shields
  4185 | D:5      | Reached skill level 5 in Shields
  4245 | D:5      | Reached XP level 8. HP: 71/74 MP: 8/8
  4521 | D:5      | Found Zin's Purification Station.
  4525 | D:5      | Found a glowing silver altar of Zin.
  4528 | D:5      | Bought a potion of curing for 90 gold pieces
  4535 | D:5      | Found a hazy altar of Hepliaklqana.
  4616 | D:5      | Found a burning altar of Makhleb.
  4669 | D:6      | Reached skill level 5 in Axes
  5099 | D:6      | Reached skill level 6 in Shields
  5466 | D:6      | Found a staircase to the Ecumenical Temple.
  5548 | D:6      | Reached skill level 7 in Shields
  5729 | D:6      | Found Abiluemu's Jewellery Boutique.
  6071 | D:7      | Noticed a troll
  6083 | D:7      | HP: 2/74 [troll (7)]
  6090 | D:7      | Killed a troll
  6305 | D:7      | Noticed Maggie
  6333 | D:7      | Killed Maggie
  6334 | D:7      | Reached skill level 8 in Shields
  6334 | D:7      | Reached XP level 9. HP: 28/81 MP: 9/9
  6496 | D:7      | Noticed a +0 spear
  6496 | D:7      | Noticed a +0 falchion
  6497 | D:7      | Noticed a +0 short sword
  6497 | D:7      | Noticed a +0 falchion
  6498 | D:7      | Noticed a +0 spear
  6498 | D:7      | Noticed a +0 dagger
  6499 | D:7      | Noticed a +0 short sword
  6515 | D:7      | Found a hide-covered altar of Uskayaw.
  6524 | D:7      | Noticed a +0 dagger
  6549 | D:7      | Noticed Joseph
  6925 | D:6      | Reached skill level 9 in Shields
  6971 | D:7      | Killed Joseph
  7018 | D:7      | Reached skill level 10 in Shields
  7166 | D:7      | Found a sacrificial altar of Ru.
  7555 | D:8      | Noticed Jeremiah
  7593 | D:8      | Killed Jeremiah
  7607 | D:7      | Paralysed by a hornet for 1 turns
  7611 | D:7      | Paralysed by a hornet for 2 turns
  7617 | D:7      | HP: 6/121 [hornet (6)]
  8186 | D:8      | Reached skill level 11 in Shields
  8293 | D:8      | Reached skill level 5 in Dodging
  8426 | D:8      | Found a broken altar of Ashenzari.
  8445 | D:8      | Noticed an orange demon
  8445 | D:8      | Noticed Amaemon
  8457 | D:8      | Killed an orange demon
  8458 | D:8      | Reached XP level 10. HP: 88/88 MP: 10/10
  8476 | D:8      | Killed Amaemon
  8697 | D:8      | Reached skill level 12 in Shields
  9286 | D:9      | Noticed Maurice
  9287 | D:9      | Paralysed by something for 2 turns
  9291 | D:9      | Something stole a +5 ring of evasion
  9295 | D:8      | Something stole a +1 scimitar of flaming
  9297 | D:8      | Paralysed by something for 3 turns
  9298 | D:8      | Something stole 125 gold
  9302 | D:8      | Paralysed by something for 3 turns
  9307 | D:8      | Paralysed by something for 2 turns
  9321 | D:8      | Paralysed by Maurice for 5 turns
  9324 | D:8      | Maurice stole 61 gold
  9335 | D:8      | Something stole 167 gold
  9339 | D:8      | Something stole 15 gold
  9341 | D:8      | Paralysed by something for 4 turns
  9395 | D:8      | Paralysed by something for 2 turns
  9487 | D:8      | Paralysed by something for 2 turns
  9494 | D:8      | Slain by Maurice

Illustrated notes

Levels and vault maps discovered:
D:1:      evilmike_arrival_crescent, layout_basic
D:2:      minmay_alternating_diamond, layout_basic, minmay_door_square,
          uniq_terence, uniq_robin
D:3:      layout_basic, serial_curves, eino_curves_03, eino_curves_01,
          eino_curves_04
D:4:      layout_cave_pools, trog_ov_bears_minmay, elyvilon_altar_3,
          uniq_eustachio
D:5:      layout_cave_pools, makhleb_blood_cavern_becter, zin_purify,
          lemuel_doored_altar, enter_ossuary_3
D:6:      layout_loops_cross, lemuel_temple_firewalk_b, serial_shops, shop
D:7:      layout_rooms, nicolae_uskayaw_en_pointe,
          nicolae_overflow_crystal_walls, uniq_joseph, uniq_maggie
D:8:      layout_gridville, mainiacjoe_overflow_24_doors, uniq_jeremiah,
          uniq_amaemon
D:9:      layout_stronghold, minmay_orc_entry_guard_dogs, serial_shops, shop,
          st_stairs_8, kennysheep_path_1, uniq_erolcha, uniq_maurice

Skill      XL: |  1  2  3  4  5  6  7  8  9 10 |
---------------+-------------------------------+-----
Axes           | 4 5 |  5.0
Fighting       | 4 5 6 7 8 |  8.0
Armour         | 3 4 |  4.0
Dodging        | 2 3 4 5 6 |  6.0
Shields        | 1 3 5 8 11 12 | 12.7

Action                     |  1- 3 |  4- 6 |  7- 9 | 10-12 || total
---------------------------+-------+-------+-------+-------++-------
  Melee: Hand axe          |    99 |   131 |   372 |   186 ||   788
         War axe           |       |   106 |       |       ||   106
 Invoke: Berserk           |     2 |     3 |     5 |       ||    10
         Trog's Hand       |       |     3 |     3 |     2 ||     8
    Use: Scroll            |       |       |     8 |     1 ||     9
         Potion            |       |       |     4 |     2 ||     6
 Armour: Animal skin       |    36 |       |       |       ||    36
         Ring mail         |    25 |       |       |       ||    25
         Chain mail        |     4 |   235 |   319 |   148 ||   706
         Skin              |       |       |    29 |    16 ||    45
  Dodge: Dodged            |    45 |    99 |   100 |    40 ||   284
  Block: Kite shield       |       |    50 |   211 |    93 ||   354

Table legend: (Time is in decaauts)
 A = Elapsed time spent in this place.
 B = Non-inter-level travel time spent in this place.
 C = Inter-level travel time spent in this place.
 D = Time resting spent in this place.
 E = Time spent auto-exploring this place.
 F = Levels seen in this place.
 G = Mean time per level.
                   A        B        C        D        E       F      G
               +--------+--------+--------+--------+--------+-----+--------+
         Total |   9754 |   9498 |    256 |   3083 |   4168 |   9 | 1083.8 |
       Dungeon |   9754 |   9498 |    256 |   3083 |   4168 |   9 | 1083.8 |
               +--------+--------+--------+--------+--------+-----+--------+

Top non-repeatable levels by time:
     D:6: 1797 daAuts
     D:7: 1614 daAuts
     D:8: 1511 daAuts
     D:3: 1190 daAuts
     D:2: 1073 daAuts
     D:4: 965 daAuts
     D:1: 814 daAuts
     D:5: 752 daAuts
     D:9: 33 daAuts
